 Dungeon Crawl Stone Soup version 0.29-a0-1023-g6ae1a4a2c7 (webtiles) character file.

Game seed: 7293054915415734263

400 Newt the Skirmisher (level 7, -16/41 HPs)
             Began as a Kobold Hunter on Aug 11, 2022.
             Demolished by a two-headed ogre
             ... wielding a +0 giant club
              (27 damage)
             ... on level 4 of the Dungeon.
             The game lasted 00:03:24 (3336 turns).

Newt the Skirmisher (Kobold Hunter)                 Turns: 3336, Time: 00:03:26

Health: -16/41     AC:  6    Str: 15    XL:     7   Next: 10%
Magic:  7/7        EV: 16    Int: 10    God:
Gold:   255        SH:  0    Dex: 20    Spells: 6/6 levels left

rFire   . . .      SeeInvis +   a - +1 shortbow
rCold   . . .      Faith    .   (shield currently unavailable)
rNeg    . . .      Spirit   .   c - +0 leather armour
rPois   .          Reflect  .   k - +1 helmet
rElec   .          Harm     .   (no cloak)
rCorr   .          Rampage  .   (no gloves)
Will    .....                   l - +0 pair of boots
Stlth   ++++......              (no amulet)
HPRegen 0.13/turn               d - ring of see invisible
MPRegen 0.10/turn               i - +6 ring of strength

@: no status effects
A: small, no large weapons, nightstalker 3
a: no special abilities


You were on level 4 of the Dungeon.
You visited 1 branch of the dungeon, and saw 4 of its levels.

You collected 255 gold pieces.

Inventory:

Hand Weapons
 a - a +1 shortbow (weapon)
Missiles
 m - 2 throwing nets
Armour
 c - a +0 leather armour (worn)
 k - a +1 helmet (worn)
 l - a +0 pair of boots (worn)
Jewellery
 d - a ring of see invisible (left hand)
 i - a +6 ring of strength (right hand)
Wands
 r - a wand of roots (3)
Scrolls
 b - a scroll of immolation
 e - a scroll of vulnerability {unknown}
 f - a scroll of noise
 h - a scroll of blinking
 o - a scroll of fear {unknown}
 q - 2 scrolls of teleportation {unknown}
 t - a scroll of enchant armour
 u - a scroll of enchant weapon
 w - a scroll of fog
Potions
 g - 3 potions of curing
 j - a potion of heal wounds
 n - 2 potions of degeneration
 p - 2 potions of haste {unknown}
 s - a potion of flight {unknown}
 v - a potion of berserk rage {unknown}


   Skills:
 + Level 3.2 Fighting
 - Level 9.0 Ranged Weapons
 + Level 3.6 Dodging
 + Level 3.4 Stealth


You had 6 spell levels left.
You didn't know any spells.
Your spell library contained the following spells:

 Spells                   Type           Power      Damage    Failure   Level
 Gell's Gravitas          Tloc           0%         N/A       80%         3
 Teleport Other           Tloc           0%         N/A       80%         3
 Hailstorm                Conj/Ice       0%         3d3       99%         4
 Ice Form                 Ice/Tmut       0%         N/A       99%         4
 Dispersal                Tloc           0%         N/A       100%        6
 Simulacrum               Ice/Necr       0%         N/A       100%        6


Dungeon Overview and Level Annotations

Branches:
Dungeon (4/15)
 Temple: D:4-7

Altars:
Gozag
Ru
Wu Jian


Innate Abilities, Weirdness & Mutations

You are small and have problems with some larger weapons.
You are completely attuned to the shadows.


Message History

There is an open door here.
v - a bubbling brown potion
Found 5 stones.
p - 2 glowing puce potions (gained 1)
A dart slug comes into view.
A dart slug is nearby!
You shoot an arrow. The arrow hits the dart slug!
The dart slug is almost dead.
You shoot an arrow. The arrow hits the dart slug!
You kill the dart slug!
No target in view!
Found a plate armour.
w - a scroll of fog You now have 243 gold pieces (gained 16).
You now have 255 gold pieces (gained 12).
A two-headed ogre comes into view. It is wielding two +0 giant clubs.
A two-headed ogre is nearby!
You shoot an arrow. The arrow hits the two-headed ogre!
The two-headed ogre shouts in stereo!
The two-headed ogre is lightly wounded.
You shoot an arrow.
The arrow barely misses the two-headed ogre.
You shoot an arrow. The arrow hits the two-headed ogre!
The two-headed ogre is moderately wounded.
You shoot an arrow. The arrow hits the two-headed ogre!
The two-headed ogre is heavily wounded.
The two-headed ogre closely misses you. x2
You shoot an arrow. The arrow hits the two-headed ogre.
The two-headed ogre is heavily wounded.
The two-headed ogre barely misses you. The two-headed ogre closely misses you.
You shoot an arrow.
The arrow barely misses the two-headed ogre.
You shoot an arrow. The arrow hits the two-headed ogre!
The two-headed ogre is almost dead.
The two-headed ogre hits you with a +0 giant club!!
Ouch! That really hurt!
* * * LOW HITPOINT WARNING * * *
The two-headed ogre hits you with a +0 giant club!!
Ouch! That really hurt!
You die...

#.## #.# #.#
########.##
#..........
#####.######.##
#......#.....#
#######......#.#####
...O@........#.###.##
###.................#
#.##.####.##.......
#.. #.# #........##
#.. #.# ####.......
#.. .# #.###### #. #
######


You could see a two-headed ogre.

Vanquished Creatures
  Sigmund (D:2)
  A scorpion (D:3)
  A jelly (D:4)
  A hound (D:4)
  An orc wizard (D:3)
  3 adders
  A worm (D:3)
  3 dart slugs
  4 orcs
  5 bats
  4 endoplasms
  3 giant cockroaches
  5 goblins
  6 hobgoblins
  4 jackals (D:2)
  2 quokkas
  7 ball pythons
  5 frilled lizards
  4 kobolds
  9 rats
70 creatures vanquished.

Vanquished Creatures (others)
  2 fungi (D:1)
  4 plants (D:1)
6 creatures vanquished.

Grand Total: 76 creatures vanquished

Notes
Turn   | Place    | Note
-------+----------+-------------------------------------------
     0 | D:1      | Newt the Kobold Hunter began the quest for the Orb.
     0 | D:1      | Reached XP level 1. HP: 12/12 MP: 1/1
   218 | D:1      | Reached XP level 2. HP: 17/17 MP: 2/2
   277 | D:1      | Reached skill level 6 in Ranged Weapons
   525 | D:1      | Found a faded altar of an unknown god.
   629 | D:1      | Reached XP level 3. HP: 21/21 MP: 3/3
  1538 | D:2      | Reached skill level 7 in Ranged Weapons
  1540 | D:2      | Noticed Sigmund
  1550 | D:2      | Killed Sigmund
  1551 | D:2      | Reached skill level 9 in Ranged Weapons
  1551 | D:2      | Reached XP level 4. HP: 16/26 MP: 4/4
  1551 | D:2      | Reached XP level 5. HP: 18/30 MP: 5/5
  1551 | D:2      | Reached XP level 6. HP: 21/35 MP: 6/6
  1828 | D:3      | Found an ornate altar of the Wu Jian Council.
  1992 | D:3      | Found an opulent altar of Gozag.
  2476 | D:3      | Found a sacrificial altar of Ru.
  2943 | D:4      | Reached XP level 7. HP: 35/41 MP: 7/7
  3325 | D:4      | Noticed a two-headed ogre
  3336 | D:4      | Demolished by a two-headed ogre

Illustrated notes

Levels and vault maps discovered:
D:1:      shiori_arrival_maze, layout_basic,
          shapermc_ecumenical_altar_mp_ritualfount, minivault_14,
          minmay_pentomino_p2
D:2:      layout_loops_ring, uniq_sigmund
D:3:      layout_basic, grunt_gozag_statues, mainiacjoe_overflow_brackets,
          mainiacjoe_overflow_tiny_flanked
D:4:      layout_basic, minmay_increasing_density

Skill      XL: |  1  2  3  4  5  6 |
---------------+-------------------+-----
Ranged Weapons | 6 9 |  9.0
Stealth        | 3 |  3.4
Dodging        | 3 |  3.6
Fighting       | 3 |  3.2

Action                   |  1- 3 |  4- 6 |  7- 9 || total
-------------------------+-------+-------+-------++-------
 Fire: Shortbow          |    74 |    80 |    13 ||   167
  Use: Scroll            |     2 |     6 |       ||     8
       Potion            |     1 |       |       ||     1
Armor: Leather armour    |     3 |     9 |     1 ||    13
Dodge: Dodged            |    15 |    22 |     5 ||    42

Table legend: (Time is in decaauts)
 A = Elapsed time spent in this place.
 B = Non-inter-level travel time spent in this place.
 C = Inter-level travel time spent in this place.
 D = Time resting spent in this place.
 E = Time spent auto-exploring this place.
 F = Levels seen in this place.
 G = Mean time per level.
                   A        B        C        D        E       F      G
               +--------+--------+--------+--------+--------+-----+--------+
         Total |   3357 |   3295 |     62 |      0 |   2943 |   4 |  839.2 |
       Dungeon |   3357 |   3295 |     62 |      0 |   2943 |   4 |  839.2 |
               +--------+--------+--------+--------+--------+-----+--------+

Top non-repeatable levels by time:
     D:3: 1056 daAuts
     D:2: 1002 daAuts
     D:1: 784 daAuts
     D:4: 513 daAuts
